 Dungeon Crawl Stone Soup version 0.17-a0-957-ga3519be (webtiles) character file.

5184 FedoraBrony69 the Thaumaturge (level 10, -2/50 HPs)
             Began as a Deep Elf Conjurer on May 7, 2015.
             Was a High Priest of Vehumet.
             Slain by an orc warrior
             ... wielding a +0 glaive
              (17 damage)
             ... in a bailey.
             The game lasted 00:32:19 (8139 turns).

FedoraBrony69 the Thaumaturge (Deep Elf Conjurer)   Turns: 8139, Time: 00:32:19

Health: -2/50      AC:  3    Str:  9    XL:     10   Next: 34%
Magic:  4/35       EV: 13    Int: 24    God:    Vehumet [*****.]
Gold:   510        SH:  5    Dex: 15    Spells: 5 memorised, 11 levels left

rFire  + . .     SeeInvis .     C - +10 rapier of Fipp {freeze, Str+4}
rCold  + . .     Clarity  .     B - +0 robe {rC+ rF+}
rNeg   . . .     SustAb   .     H - +0 buckler
rPois  .         Gourm    .     (no helmet)
rElec  .         Spirit   .     (no cloak)
rCorr  .         Warding  .     p - +0 pair of gloves
rMut   .         Stasis   .     (no boots)
MR     +....                    s - amulet of regeneration
Stlth  ++........               (no ring)
                                j - ring of magical power

@: somewhat resistant to hostile enchantments, unstealthy
A: no striking features
a: Renounce Religion


You were in a bailey.
You worshipped Vehumet.
Vehumet was extremely pleased with you.
You were not hungry.

You visited 2 branches of the dungeon, and saw 10 of its levels.
You also visited: Bailey.

You collected 510 gold pieces.

Inventory:

Hand weapons
 C - the +10 rapier of Fipp (weapon) {freeze, Str+4}
   (You found it on level 5 of the Dungeon)

   It has been specially enchanted to freeze those struck by it, causing extra
   injury to most foes and up to half again as much damage against particularly
   susceptible opponents.
   It can also slow down cold-blooded creatures.
   It affects your strength (+4).
 M - the +5 halberd "Ato Jau" {pain, rC+ MP-9 Str+5, unknown}
   (You found it on level 9 of the Dungeon)

   In the hands of one skilled in necromantic magic, it inflicts extra damage on
   living creatures.
   It affects your strength (+5).
   It protects you from cold.
   It affects your magic capacity (-9).
Armour
 g - a +0 pair of gloves
 p - a +0 pair of gloves (worn)
 B - a +0 robe of resistance (worn)
 H - a +0 buckler (worn)
 K - a cursed +0 shield
Jewellery
 j - a ring of magical power (left hand)
 s - an amulet of regeneration (around neck)
Magical devices
 v - a wand of fireball (8)
 y - a wand of magic darts (22)
 A - a wand of fire (6)
 F - a wand of slowing (15)
Scrolls
 a - 3 scrolls of enchant armour
 e - a scroll of identify
 h - a scroll of enchant weapon {unknown}
 l - a scroll of magic mapping
 o - a scroll of remove curse {unknown}
 q - 4 scrolls of teleportation
 u - 2 scrolls of fog
 D - a scroll of amnesia {unknown}
 E - a scroll of noise {unknown}
 J - a scroll of recharging {unknown}
Potions
 d - a potion of lignification
 i - a potion of beneficial mutation {unknown}
 k - 4 potions of heal wounds {unknown}
 m - 6 potions of curing
 n - a potion of brilliance {unknown}
 r - a potion of agility {unknown}
 w - 2 potions of haste {unknown}
 x - 2 potions of berserk rage {unknown}
 L - 2 potions of resistance
 N - a potion of experience {unknown}
 O - 2 potions of might {unknown}
Books
 b - a book of Conjurations

   Spells                             Type                      Level
   a - Magic Dart                     Conjuration                  1
   b - Searing Ray                    Conjuration                  2
   c - Dazzling Spray                 Conjuration/Hexes            3
   d - Fulminant Prism                Conjuration/Hexes            4
   e - Iskenderun's Mystic Blast      Conjuration                  4
   f - Iskenderun's Battlesphere      Conjuration/Charms           5
 I - a book of the Dragon

   Spells                             Type                      Level
   a - Flight                         Charms/Air                   3
   b - Cause Fear                     Hexes                        4
   c - Bolt of Fire                   Conjuration/Fire             6
   d - Dragon Form                    Transmutation                7
   e - Dragon's Call                  Summoning                    9
Comestibles
 c - 10 bread rations
 f - 5 meat rations
 t - a royal jelly
 z - a beef jerky


   Skills:
 - Level 2.4 Dodging
 - Level 2.4 Stealth
 * Level 4.1 Shields
 + Level 10.2 Spellcasting
 + Level 9.4 Conjurations
 - Level 9.2 Charms
 * Level 7.9 Fire Magic


You had 11 spell levels left.
You knew the following spells:

 Your Spells              Type           Power        Failure   Level  Hunger
a - Magic Dart            Conj           ####         1%          1    None
b - Iskenderun's Battles  Conj/Chrm      ######..     1%          5    ####...
c - Iskenderun's Mystic   Conj           ######..     1%          4    #......
d - Throw Flame           Conj/Fire      ######       1%          2    None
e - Bolt of Fire          Conj/Fire      ######....   7%          6    ######.


Dungeon Overview and Level Annotations

Branches:
Dungeon (9/15)             Temple (1/1) D:4
   Lair: D:8-11         Orc: D:9-12

Altars:
Ashenzari
Cheibriados
Dithmenos
Elyvilon
Fedhas
Gozag
Kikubaaqudgha
Makhleb
Nemelex Xobeh
Okawaru
Qazlal
Ru
Sif Muna
Trog
Vehumet
Xom
Yredelemnul
Zin
The Shining One

Shops:
D:5 (


Message History

The orc warrior hits you but does no damage.
You hit the orc warrior. You freeze the orc warrior.
The orc warrior is moderately wounded.
The orc warrior hits you with a glaive!
Your magical contamination has completely faded away.
You hit the orc warrior. You freeze the orc warrior.
The orc warrior is heavily wounded.
You hit the orc warrior. You freeze the orc warrior.
The orc warrior is heavily wounded.
The orc warrior barely misses you.
You hit the orc warrior but do no damage.
The orc warrior is heavily wounded.
You block the orc warrior's attack.
You hit the orc warrior. You freeze the orc warrior.
The orc warrior is severely wounded.
The orc warrior hits you with a glaive!
* * * LOW HITPOINT WARNING * * *
Drink which item? (? for menu, Esc to quit)
You feel better. The orc warrior hits you with a glaive!
You die...

############ #
##......).∩.##
######............#
#....#...).)).....#
).).g'...))))..o@∩#
#...g#...).)......#
######...)........#
# ##........∩.##
############


You could see an orc warrior.

Vanquished Creatures
  An orc knight (Bailey)
  A wyvern (D:9)
  Menkaure (D:6)
  11 orc warriors
  2 sky beasts
  A black bear (D:8)
  3 ice beasts
  2 centaurs
  3 phantoms
  2 big kobolds
  3 ogres
  4 giant frogs
  8 killer bees (D:7)
  3 scorpions
  3 wights (D:9)
  A jelly (D:9)
  3 crimson imps
  3 hounds
  2 orc priests
  A giant frog zombie (D:9)
  A centaur skeleton (D:7)
  10 orc wizards
  An iguana (D:8)
  7 worker ants
  A hound skeleton (D:7)
  11 gnolls
  8 adders
  A shadow imp (D:8)
  An ooze (D:3)
  3 worms
  2 giant geckos
  68 orcs
  A ball python (D:2)
  2 bat zombies
  6 giant cockroaches
  14 hobgoblins
  19 kobolds
  3 quokkas
  13 bats
  A giant gecko skeleton (D:7)
  3 giant newts
  2 giant spores (D:9)
  17 goblins
  5 jackals
  A jackal skeleton (D:8)
  10 rats
  7 ballistomycetes (D:9)
276 creatures vanquished.

Vanquished Creatures (others)
  A kobold (D:9)
1 creature vanquished.

Grand Total: 277 creatures vanquished

Notes
Turn   | Place    | Note
--------------------------------------------------------------
     0 | D:1      | FedoraBrony69, the Deep Elf Conjurer, began the quest for the Orb.
     0 | D:1      | Reached XP level 1. HP: 10/10 MP: 6/6
   251 | D:1      | Reached XP level 2. HP: 10/15 MP: 6/8
   640 | D:2      | Reached XP level 3. HP: 19/19 MP: 2/10
   827 | D:2      | Reached skill level 5 in Conjurations
  1157 | D:2      | Found an ancient bone altar of Kikubaaqudgha.
  1302 | D:2      | Found a radiant altar of Vehumet.
  1326 | D:2      | Became a worshipper of Vehumet
  1558 | D:3      | Reached XP level 4. HP: 24/24 MP: 12/12
  1617 | D:3      | Reached skill level 5 in Spellcasting
  1631 | D:3      | Reached XP level 5. HP: 24/28 MP: 5/15
  1761 | D:3      | Reached skill level 6 in Conjurations
  1802 | D:3      | Learned a level 5 spell: Iskenderun's Battlesphere
  1807 | D:3      | Learned a level 4 spell: Iskenderun's Mystic Blast
  1921 | D:3      | Found a basalt altar of Yredelemnul.
  1981 | D:3      | Reached skill level 1 in Charms
  2003 | D:3      | Acquired Vehumet's first power
  2003 | D:3      | Offered knowledge of Sandblast by Vehumet.
  2198 | D:4      | Reached XP level 6. HP: 32/32 MP: 16/16
  2584 | D:4      | Found a staircase to the Ecumenical Temple.
  2593 | Temple   | Entered the Ecumenical Temple
  2832 | D:4      | Reached skill level 5 in Charms
  2870 | D:4      | Reached XP level 7. HP: 19/36 MP: 8/18
  3007 | D:4      | Offered knowledge of Throw Flame by Vehumet.
  3148 | D:5      | Entered Level 5 of the Dungeon
  3350 | D:5      | Learned a level 2 spell: Throw Flame
  3432 | D:5      | Found a basalt altar of Yredelemnul.
  3440 | D:5      | Found Denit's Weapon Boutique.
  3470 | D:5      | Got a polished rapier
  3471 | D:5      | Identified the +10 rapier of Fipp {freeze, Str+4} (You found it on level 5 of the Dungeon)
  3519 | D:5      | Found a glowing golden altar of the Shining One.
  3672 | D:5      | Reached skill level 7 in Spellcasting
  3952 | D:5      | Found an iron altar of Okawaru.
  3952 | D:5      | Found a shadowy altar of Dithmenos.
  4293 | D:5      | Reached skill level 8 in Charms
  4293 | D:5      | Reached XP level 8. HP: 41/41 MP: 21/21
  4312 | D:5      | Noticed an angel
  4433 | D:6      | Offered knowledge of Mephitic Cloud by Vehumet.
  4882 | D:6      | Noticed Menkaure
  4884 | D:6      | Killed Menkaure
  4905 | D:6      | Reached skill level 9 in Charms
  5061 | D:6      | Reached skill level 1 in Fire Magic
  5131 | D:6      | Acquired Vehumet's second power
  5626 | D:7      | Reached XP level 9. HP: 41/45 MP: 17/23
  5810 | D:7      | Offered knowledge of Inner Flame by Vehumet.
  5891 | D:7      | Reached skill level 5 in Fire Magic
  6605 | D:8      | Reached skill level 1 in Shields
  6663 | D:8      | Acquired Vehumet's third power
  6780 | D:8      | Learned a level 6 spell: Bolt of Fire
  6970 | D:8      | Offered knowledge of Irradiate by Vehumet.
  7447 | D:9      | Found a flagged portal.
  7466 | D:9      | Got a polished halberd
  7481 | D:9      | Reached XP level 10. HP: 37/50 MP: 3/25
  7542 | Bailey   | Entered a bailey
  7750 | Bailey   | Offered knowledge of Bolt of Magma by Vehumet.
  7755 | Bailey   | Reached skill level 10 in Spellcasting
  7890 | Bailey   | Noticed an orc knight
  7909 | Bailey   | Killed an orc knight
  8139 | Bailey   | Slain by an orc warrior

Action                   |  1- 3 |  4- 6 |  7- 9 | 10-12 || total
-------------------------+-------+-------+-------+-------++-------
Melee: Club              |     5 |       |       |       ||     5
       Short sword       |    10 |       |       |       ||    10
       Trident           |       |     6 |     3 |       ||     9
       Rapier            |       |       |    38 |     5 ||    43
 Cast: Magic Dart        |    84 |   148 |   168 |     9 ||   409
       Iskenderun's Myst |       |     5 |    98 |    33 ||   136
       Iskenderun's Batt |       |       |    13 |     7 ||    20
  Use: Potion            |     4 |       |       |     1 ||     5
       Scroll            |       |       |     9 |       ||     9
  Eat: Chunk             |     2 |     5 |    22 |     4 ||    33
